 Dungeon Crawl Stone Soup version 0.30-b1-2-g02819fbbbe (webtiles) character file.

Game seed: 2230395523480834614

6375 Borgoz the Grappler (level 10, -27/88 HPs)
             Began as a Ghoul Monk on June 18, 2023.
             Was an Elder of Okawaru.
             Annihilated by Lodul
             ... wielding a +0 great mace of holy wrath
              (38 damage)
             ... on level 10 of the Dungeon.
             The game lasted 00:16:31 (9697 turns).

Borgoz the Grappler (Ghoul Monk)                    Turns: 9697, Time: 00:16:31

Health: -27/88     AC: 11    Str: 18    XL:     10   Next: 97%
Magic:  13/15      EV: 16    Int: 11    God:    Okawaru [****..]
Gold:   830        SH:  0    Dex: 13    Spells: 14/17 levels left

rFire   . .          .
                       - Unarmed
rCold   + . .        c - orb {light}
rNeg    + + +        i - +0 ring mail
rPois   ∞            j - +2 hat
rElec   .            (no cloak)
rCorr   .            (no gloves)
SInv    .            f - +1 pair of boots
Will    .....        (no amulet)
Stlth   ++           r - ring of wizardry
HPRegen 0.00/turn    z - +6 ring of intelligence
MPRegen 0.14/turn

%: wizardry (x1)
@: heroic, inhibited regen, glowing
A: claws 1, cold resistance 1, negative energy resistance 3, inhibited
regeneration, torment resistance 2, devour on kill
a: Renounce Religion, Heroism, Finesse


You were on level 10 of the Dungeon.
You worshipped Okawaru.
Okawaru was greatly pleased with you.
You visited 2 branches of the dungeon, and saw 11 of its levels.
You also visited: Sewer.

You collected 830 gold pieces.

Inventory:

Missiles
 l - 51 poisoned darts
 m - 4 boomerangs (quivered)
 s - 6 atropa-tipped darts
 y - 3 curare-tipped darts
 A - a throwing net
Armour
 c - an orb of light (worn)
 f - a +1 pair of boots (worn)
 i - a +0 ring mail (worn)
 j - a +2 hat (worn)
 k - a +0 buckler
Jewellery
 r - a ring of wizardry (left claw)
 w - an amulet of regeneration
 z - a +6 ring of intelligence (right claw)
Wands
 n - a wand of iceblast (13)
 v - a wand of flame (20)
 B - a wand of acid (12)
Scrolls
 d - 5 scrolls of fear
 e - 4 scrolls of teleportation
 g - 2 scrolls of fog
 h - a scroll of enchant weapon
 p - 3 scrolls of amnesia
 x - 2 scrolls of poison
 C - a scroll of enchant armour
Potions
 a - 2 potions of brilliance
 b - a potion of might
 o - 3 potions of curing
 q - a potion of resistance
 t - 3 potions of invisibility


   Skills:
 + Level 7.8(12.8) Fighting
 + Level 5.9(10.9) Armour
 + Level 6.6(11.6) Dodging
 + Level 3.7(8.7) Stealth
 + Level 8.0(13.0) Unarmed Combat
 + Level 4.2 Spellcasting
 + Level 4.3 Hexes
 - Level 5.0 Invocations


You had 14 spell levels left.
You knew the following spells:

 Your Spells              Type           Power      Damage    Failure   Level
a - Confusing Touch       Hex            11%        N/A       8%          3

Your spell library contained the following spells:

 Spells                   Type           Power      Damage    Failure   Level
 Apportation              Tloc           4%         N/A       16%         1
 Kiss of Death            Conj/Necr      8%         2d6       16%         1
 Necrotise                Necr           8%         1d4       16%         1
 Dispel Undead            Necr           2%         3d7       78%         4
 Alistair's Intoxication  Tmut/Pois      1%         N/A       98%         5
 Summon Small Mammal      Summ           Unusable   N/A       N/A         1
 Sublimation of Blood     Necr           Unusable   N/A       N/A         2
 Wereblood                Tmut           Unusable   N/A       N/A         2
 Summon Hydra             Summ           Unusable   N/A       N/A         7

Dungeon Overview and Level Annotations

Branches:
Dungeon (10/15)            Temple (1/1) D:5            Lair (0/5) D:10
  Sewer (visited)
    Orc: D:9-12

Altars:
Ashenzari
Cheibriados
Dithmenos
Fedhas
Hepliaklqana
Kikubaaqudgha
Makhleb
Nemelex Xobeh
Okawaru
Qazlal
Ru
Sif Muna
Uskayaw
Vehumet
Wu Jian
Xom
Yredelemnul
Lugonu

Shops:
D:4 :   D:10 *

Annotations:
D:10 Lodul


Innate Abilities, Weirdness & Mutations

You are immune to poison.
You have sharp fingernails.
Your flesh is cold resistant. (rC+)
You are immune to negative energy. (rN+++)
You do not regenerate when monsters are visible.
You are immune to unholy pain and torment.
You thrive by killing the living.


Message History

You open the door.
There is an open door here.
You open the door.
Found a mace.
There is an open door here.
You see here a +0 mace.
Found an escape hatch in the ceiling.
C - a scroll of enchant armour
Okay, then.
Okay, then.
There is an escape hatch in the ceiling here.
There is an open door here.
You see here a +0 mace.
Lodul the Thundrous comes into view.
He is wielding a +0 great mace of holy wrath.
Lodul is nearby!
An ogre comes into view. It is wielding a +0 giant spiked club.
Lodul shouts!
The ogre shouts!
You hear a shout! x3
An ogre comes into view. It is wielding a +0 giant spiked club.
You hear a shout!
You gain the combat prowess of a mighty hero.
Lodul hits you with a +0 great mace of holy wrath!
You convulse!
You claw Lodul!
Lodul is moderately wounded.
You mangle Lodul!!
Lodul is heavily wounded.
Lodul closely misses you.
An ogre comes into view. It is wielding a +0 giant club.
You fail to use your ability.
Lodul hits you with a +0 great mace of holy wrath!!
You convulse!!
* * * LOW HITPOINT WARNING * * *
You scratch Lodul but do no damage.
Lodul is heavily wounded.
You are too injured to fight recklessly!
You feel much better.
Lodul hits you with a +0 great mace of holy wrath!!
* * * LOW HITPOINT WARNING * * *
You convulse!!!
You die...

#...#.#####..........#
#.# #...###
#....#...#.# #.#
##...#####
#.......##.#######.#
....#....#
##.###.............#
...#.....# #.#
##.##.#########
..#......# #.####.##.#
###'###### #.........#
#....# ##########.####
.....# .....OOO@..#
.....# ##.##O###..#
.#########.##.# #..#
.#
#.##...##.###..###...
.#
#.##................#
.#
#.##............##.##
## #.###.###.##.....#
# #......##.###...## #
#....#....# ##.##


You could see Lodul and 3 ogres.

Vanquished Creatures
  Sonja (D:10)
  A hornet (D:9)
  2 wyverns
  9 yaks
  A shadow (D:9)
  A wraith (D:9)
  3 water moccasins
  2 orc warriors
  3 sky beasts
  3 black bears
  2 ice beasts
  2 ogres
  3 centaurs
  4 phantoms
  4 kobold brigands
  4 bullfrogs
  4 scorpions
  A gnoll sergeant (D:9)
  5 killer bees
  3 hounds
  2 jellies
  3 orc priests
  2 iguanas (D:5)
  9 orc wizards
  5 gnolls (D:9)
  4 adders
  A river rat (Sewer)
  2 shadow imps (D:5)
  2 white imps
  2 ufetubi
  4 worms
  A dart slug (D:1)
  18 orcs
  11 endoplasms
  3 giant cockroaches
  3 hobgoblins
  4 jackals (D:5)
  2 quokkas
  11 ball pythons
  5 bats
  4 frilled lizards
  7 goblins
  31 kobolds
  13 rats
207 creatures vanquished.

Vanquished Creatures (others)
  12 fungi
  7 plants (D:10)
19 creatures vanquished.

Grand Total: 226 creatures vanquished

Notes
Turn   | Place    | Note
-------+----------+-------------------------------------------
     0 | D:1      | Borgoz the Ghoul Monk began the quest for the Orb.
     0 | D:1      | Reached XP level 1. HP: 19/19 MP: 0/0
   300 | D:1      | Reached XP level 2. HP: 26/26 MP: 1/1
   793 | D:1      | Reached skill level 1 in Armour
   793 | D:1      | Reached XP level 3. HP: 31/31 MP: 2/2
  1668 | D:3      | Identified the +8 dagger of the Eternal Void {heavy, rPois
                  | Str+3}
  1723 | D:3      | Found a shadowy altar of Dithmenos.
  1740 | D:3      | Reached XP level 4. HP: 20/40 MP: 3/3
  1754 | D:3      | Reached skill level 4 in Unarmed Combat
  1771 | D:3      | Reached XP level 5. HP: 11/46 MP: 4/4
  2149 | D:3      | Found a glowing drain.
  2165 | Sewer    | Entered a sewer
  2306 | Sewer    | Noticed a kobold brigand
  2318 | Sewer    | Killed a kobold brigand
  2319 | Sewer    | Reached XP level 6. HP: 33/53 MP: 5/5
  3187 | D:4      | Found a radiant altar of Vehumet.
  3187 | D:4      | Found an ancient bone altar of Kikubaaqudgha.
  3187 | D:4      | Found a basalt altar of Yredelemnul.
  3282 | D:4      | Found Ongo Ziu's Vocational Training.
  3332 | D:4      | Reached skill level 5 in Fighting
  3332 | D:4      | Reached skill level 5 in Unarmed Combat
  3337 | D:4      | Reached XP level 7. HP: 32/61 MP: 6/6
  3449 | D:4      | Learned a level 3 spell: Confusing Touch
  3676 | D:5      | Entered Level 5 of the Dungeon
  3808 | D:5      | Found a staircase to the Ecumenical Temple.
  3843 | Temple   | Entered the Ecumenical Temple
  3883 | Temple   | Became a worshipper of Warmaster Okawaru
  3883 | Temple   | Reached * piety under Okawaru
  3883 | Temple   | Reached ** piety under Okawaru
  4267 | D:5      | Reached skill level 1 in Invocations
  4279 | D:5      | Reached skill level 1 in Spellcasting
  4279 | D:5      | Reached skill level 1 in Hexes
  4279 | D:5      | Reached XP level 8. HP: 29/69 MP: 5/8
  4974 | D:5      | Found a shimmering blue altar of Sif Muna.
  5300 | D:6      | Reached skill level 5 in Dodging
  5300 | D:6      | Reached skill level 6 in Unarmed Combat
  6195 | D:6      | Reached *** piety under Okawaru
  6196 | D:6      | Reached XP level 9. HP: 75/75 MP: 11/11
  6423 | D:7      | Identified the +6 buckler of the Heavens {rElec rPois rN++
                  | Int+2}
  7337 | D:8      | Reached skill level 7 in Unarmed Combat
  7676 | D:8      | Found a burning altar of Makhleb.
  7676 | D:8      | Found a broken altar of Ashenzari.
  7687 | D:8      | Reached skill level 5 in Armour
  7687 | D:8      | Reached skill level 1 in Stealth
  7687 | D:8      | Reached XP level 10. HP: 46/86 MP: 13/13
  7697 | D:8      | Reached **** piety under Okawaru
  7913 | D:8      | Found a faded altar of an unknown god.
  7915 | D:8      | Found a hide-covered altar of Uskayaw.
  7920 | D:8      | Found an ornate altar of the Wu Jian Council.
  8422 | D:9      | Reached skill level 5 in Invocations
  8428 | D:9      | HP: 4/86 [yak (12)]
  9238 | D:10     | Entered Level 10 of the Dungeon
  9328 | D:10     | Found a staircase to the Lair.
  9378 | D:10     | Noticed Sonja
  9405 | D:10     | Found Xompum's General Store.
  9422 | D:10     | Killed Sonja
  9423 | D:10     | Reached skill level 8 in Unarmed Combat
  9687 | D:10     | Noticed Lodul
  9697 | D:10     | Annihilated by Lodul

Illustrated notes

Levels and vault maps discovered:
D:1:      lemuel_arrival_lava_pool, layout_loops_corners, st_stairs_2,
          fountainhead, minmay_pentomino_w2
D:2:      layout_basic
D:3:      layout_loops_ring, mainiacjoe_overflow_cross_hatched,
          cheibrodos_sewer_entry_bend, serial_park_tiny_2, minmay_liquid_box
D:4:      layout_rooms, amcnicky_altar_gilded, gammafunk_temple_overflow_claw,
          kennysheep_another_room, nrook_mini_backslash, nicolae_shop_vocational
D:5:      layout_layer_cave, elyvilon_altar_1, kennysheep_mini,
          minmay_temple_entry_grid
D:6:      layout_layer_cave, serial_park_tiny_pond
D:7:      layout_loops_cross
D:8:      layout_loops_ring, chequers_temple_overflow_minitemple,
          serial_aquarium, aquarium_bridge_square [aquarium_subvault_bridge,
          aquarium_subvault_balcony, aquarium_subvault_wall,
          aquarium_subvault_bridge], aquarium_bridge_straight
          [aquarium_subvault_bridge, aquarium_subvault_balcony,
          aquarium_subvault_bridge, aquarium_subvault_window],
          aquarium_window_1, aquarium_window_1, aquarium_view_2b,
          aquarium_view_2c, aquarium_pool_2, serial_bayou_pond_c,
          minmay_circle_x
D:9:      layout_rooms, minmay_door_square, corner_web_ring
D:10:     layout_loops_corners, mainiacjoe_overflow_catch_the_wave,
          grunt_lair_entry_orc_guard_hut, serial_shops, shop,
          nicolae_stop_n_shop_1, nrook_pool_corridor,
          hangedman_abyss_or_decor_clamps, uniq_lodul, uniq_sonja
Temple:   corrupted_temple

Skill      XL: |  1  2  3  4  5  6  7  8  9 10 |
---------------+-------------------------------+-----
Dodging        | 3 4 5 6 |  6.6
Armour         | 1 2 3 4 5 |  5.9
Unarmed Combat | 4 5 6 7 8 |  8.0
Fighting       | 4 5 6 7 |  7.8
Invocations    | 1 3 4 5 |  5.0
Spellcasting   | 1 2 3 4 |  4.2
Hexes          | 1 2 3 4 |  4.3
Stealth        | 1 3 |  3.7

Action                     |  1- 3 |  4- 6 |  7- 9 | 10-12 || total
---------------------------+-------+-------+-------+-------++-------
  Melee: Unarmed           |   106 |   150 |   301 |   157 ||   714
 Invoke: Heroism           |       |       |     6 |     7 ||    13
         Finesse           |       |       |       |     1 ||     1
    Use: Scroll            |     4 |     9 |     3 |     4 ||    20
         Potion            |     1 |     7 |     1 |     3 ||    12
 Armour: Robe              |     9 |       |       |       ||     9
         Ring mail         |    12 |    39 |   109 |    53 ||   213
  Dodge: Dodged            |    52 |    71 |   212 |   114 ||   449
